 Dungeon Crawl Stone Soup version 0.29-a0-982-gaed3a0c8d8 (webtiles) character file.

Game seed: 1336004823862034937

9233 leavemydog the Thaumaturge (level 11, -3/66 HPs)
             Began as a Deep Elf Conjurer on Aug 1, 2022.
             Was a Believer of Vehumet.
             Killed by the air
             ... invoked by Gastronok
              (20 damage)
             ... on level 10 of the Dungeon.
             The game lasted 00:39:11 (12365 turns).

leavemydog the Thaumaturge (Deep Elf Conjurer)     Turns: 12365, Time: 00:39:11

Health: -3/66      AC: 10    Str:  8    XL:     11   Next: 20%
Magic:  5/29       EV: 27    Int: 22    God:    Vehumet [**....]
Gold:   461        SH:  0    Dex: 16    Spells: 17/34 levels left

rFire   + + .      SeeInvis .   J - +1 dagger (protect)
rCold   . . .      Faith    .   (no shield)
rNeg    . . .      Spirit   .   O - +0 robe of Grot {+Blink rPois rF++ Int-2}
rPois   +          Reflect  .   (no helmet)
rElec   .          Harm     .   a - +2 cloak {rCorr}
rCorr   +          Rampage  .   f - +0 pair of gloves
Will    ++...                   (no boots)
Stlth   ++........              r - amulet of the acrobat
HPRegen 0.21/turn               s - ring "Achoamn" {rPois Will+ Dex+3}
MPRegen 0.21/turn               u - +4 ring of protection

@: acrobatic
A: no striking features
a: Renounce Religion, Evoke Blink


You were on level 10 of the Dungeon.
You worshipped Vehumet.
Vehumet was pleased with you.
You visited 2 branches of the dungeon, and saw 11 of its levels.

You collected 517 gold pieces.
You spent 56 gold pieces at shops.

Inventory:

Hand Weapons
 t - a +1 dagger of venom
 A - a +3 quarterstaff of chaos
 J - a +1 dagger of protection (weapon)
Armour
 a - a +2 cloak of preservation (worn)
 f - a +0 pair of gloves (worn)
 F - +0 steam dragon scales
 O - the +0 robe of Grot (worn) {+Blink rPois rF++ Int-2}
   (You found it on level 9 of the Dungeon)

   Int:       It affects your intelligence (-2).
   rF:        It greatly protects you from fire.
   rPois:     It protects you from poison.
   +Blink:    It lets you blink.
Jewellery
 g - a ring of ice
 r - an amulet of the acrobat (around neck)
 s - the ring "Achoamn" (left hand) {rPois Will+ Dex+3}
   (You found it on level 2 of the Dungeon)

   [ring of poison resistance]

   Dex:       It affects your dexterity (+3).
   rPois:     It protects you from poison.
   Will:      It increases your willpower.
 u - a +4 ring of protection (right hand)
Wands
 B - a wand of mindburst (10)
 E - a wand of flame (23)
 G - a wand of acid (9)
 I - a wand of charming (11)
 K - a wand of roots (4)
Scrolls
 b - a scroll of summoning {unknown}
 e - 5 scrolls of teleportation
 h - 2 scrolls of noise {unknown}
 i - 4 scrolls of butterflies
 l - 2 scrolls of amnesia {unknown}
 m - 2 scrolls of immolation {unknown}
 q - a scroll of brand weapon {unknown}
 w - 4 scrolls of vulnerability {unknown}
 y - 4 scrolls of enchant weapon {unknown}
 z - 2 scrolls of poison {unknown}
 C - a scroll of silence {unknown}
 N - a scroll of identify
Potions
 c - 7 potions of curing
 d - a potion of resistance
 j - a potion of heal wounds
 k - 3 potions of brilliance
 n - 2 potions of flight
 o - 4 potions of might
 p - 2 potions of attraction {unknown}
 v - 2 potions of experience
 x - a potion of berserk rage {unknown}
 D - a potion of ambrosia {unknown}
 H - 2 potions of haste
 L - a potion of cancellation {unknown}


   Skills:
 * Level 6.5 Fighting
 * Level 2.9 Armour
 - Level 2.4 Dodging
 - Level 2.4 Stealth
 + Level 12.1 Spellcasting
 + Level 11.1 Conjurations
 * Level 8.6 Hexes
 - Level 8.2 Translocations


You had 17 spell levels left.
You knew the following spells:

 Your Spells              Type           Power      Damage    Failure   Level
a - Magic Dart            Conj           100%       1d8       1%          1
b - Searing Ray           Conj           100%       2d8       1%          2
c - Iskenderun's Mystic   Conj/Tloc      54%        2d12      1%          4
d - Fulminant Prism       Conj/Hex       27%        3d14      1%          4
e - Teleport Other        Tloc           49%        N/A       1%          3
f - Dazzling Flash        Conj/Hex       100%       N/A       1%          3

Your spell library contained the following spells:

 Spells                   Type           Power      Damage    Failure   Level
 Scorch                   Fire           26%        2d6       8%          2
 Apportation              Tloc           98%        N/A       1%          1
 Shock                    Conj/Air       100%       1d9       1%          1
 Ensorcelled Hibernation  Hex/Ice        64%        N/A       1%          2
 Gell's Gravitas          Tloc           49%        N/A       1%          3
 Lesser Beckoning         Tloc           49%        N/A       1%          3
 Stone Arrow              Conj/Erth      74%        3d11      1%          3
 Necrotise                Necr           52%        1d6       4%          1
 Sandblast                Erth           26%        2d8       4%          1
 Summon Small Mammal      Summ           52%        N/A       4%          1
 Passwall                 Tmut/Erth      10%        N/A       8%          2
 Sublimation of Blood     Necr           13%        N/A       8%          2
 Anguish                  Hex/Necr       16%        N/A       9%          4
 Swiftness                Air            13%        N/A       14%         3
 Vampiric Draining        Necr           13%        2d6       14%         3
 Irradiate                Conj/Tmut      18%        3d17      14%         5
 Airstrike                Air            6%         0-3+      43%         4
 Petrify                  Tmut/Erth      13%        N/A       43%         4
 Enfeeble                 Hex            25%        N/A       75%         7
 Agony                    Necr           13%        N/A       80%         5


Dungeon Overview and Level Annotations

Branches:
Dungeon (10/15)            Temple (1/1) D:7
   Lair: D:8-11         Orc: D:9-12

Altars:
Ashenzari
Cheibriados
Dithmenos
Elyvilon
Fedhas
Gozag
Hepliaklqana
Kikubaaqudgha
Makhleb
Nemelex Xobeh
Okawaru
Qazlal
Ru
Sif Muna
Trog
Uskayaw
Vehumet
Wu Jian
Xom
Yredelemnul
Zin
The Shining One

Shops:
D:5 *   D:8 ?   D:9 [

Annotations:
D:5 1 runed translucent door, leavemydog's ghost, novice HOFi
D:10 3 runed translucent doors, Gastronok


Message History

The searing ray hits the bat!
You kill the bat!
The bat's corpse disappears in a puff of smoke!
Gastronok bites you!!
* * * LOW HITPOINT WARNING * * *
You feel much better.
Casting: Searing Ray (safe; 1% risk of failure)
Confirm with . or Enter, or press ? or * to list all spells.
Aiming: Teleport Other (safe; 1% risk of failure)
Press: ? - help, Shift-Dir - straight line, f - Gastronok
Aim: Gastronok, wearing a +1 hat of see invisible (moderately wounded, chance to affect: 30%) Gastronok easily resists.
Gastronok bites you!!
* * * LOW HITPOINT WARNING * * *
You feel much better.
Casting: Teleport Other (safe; 1% risk of failure)
Confirm with . or Enter, or press ? or * to list all spells.
You erupt in a blast of force!
The mystic blast hits Gastronok!
Gastronok is heavily wounded.
Gastronok is knocked back by the mystic blast.
Gastronok slams into the rock wall!
Gastronok is heavily wounded.
Casting: Iskenderun's Mystic Blast (dangerous; 1% risk of failure)
Confirm with . or Enter, or press ? or * to list all spells.
You erupt in a blast of force!
The mystic blast hits Gastronok!
Gastronok is heavily wounded.
Gastronok bites you!!
* * * LOW HITPOINT WARNING * * *
Casting: Iskenderun's Mystic Blast (dangerous; 1% risk of failure)
Confirm with . or Enter, or press ? or * to list all spells.
Aiming: Searing Ray (safe; 1% risk of failure)
Press: ? - help, Shift-Dir - straight line, f/p - Gastronok
Aim: Gastronok, wearing a +1 hat of see invisible (heavily wounded, 100% to hit)
The searing ray hits Gastronok!
Gastronok is heavily wounded. (Press . to maintain the ray.)
The searing ray hits Gastronok.
Gastronok is heavily wounded.
Gastronok waves his eye-stalks in wide circles.
The air twists around and strikes you!!
You die...

.....##.##### #.#
......).....# #.#
............# #.#
####.##.##..# #.#
####.##.##..###.#
#...............##
.###.##w##.##.......#
... #.##.###.####.# ..≈≈
#@##.# #.# #.#
..⌠≈.##.##.# #(# #.#
..≈≈.#.).#.# #.# #.####
.......#...# #.# #....#
.###.#...############'.#
...##.###..........#.#
### #.# #..........#.#
#.# #..#....#..#.# #.#
#..........#.#


You could see Gastronok.

Vanquished Creatures
  Harold (D:9)
  Erica (D:10)
  A two-headed ogre (D:10)
  Joseph (D:7)
  Prince Ribbit (D:9)
  A troll (D:10)
  Sigmund (D:3)
  9 yaks
  2 shadows (D:10)
  Eustachio (D:5)
  2 steam dragons (D:6)
  Menkaure (D:5)
  Edmund (D:5)
  A water moccasin (D:6)
  4 ice beasts
  3 black bears
  4 orc warriors
  A sky beast (D:8)
  4 ogres
  4 centaurs
  A kobold brigand (D:8)
  A phantom (D:5)
  2 bullfrogs
  4 scorpions
  8 wights
  4 killer bees
  A howler monkey (D:6)
  An orc priest (D:8)
  Crazy Yiuf (D:6)
  A hound (D:4)
  A jelly (D:4)
  A gnoll bouda (D:7)
  Jessica (D:3)
  4 orc wizards
  Natasha (D:3)
  12 iguanas
  12 gnolls
  14 adders
  A shadow imp (D:5)
  A white imp (D:6)
  2 ufetubi (D:5)
  5 worms
  3 dart slugs
  22 orcs
  10 bats
  5 endoplasms
  4 giant cockroaches
  13 goblins
  11 hobgoblins
  8 kobolds
  A quokka (D:1)
  9 ball pythons
  5 frilled lizards
  4 rats
218 creatures vanquished.

Vanquished Creatures (others)
  32 fulminant prisms
32 creatures vanquished.

Grand Total: 250 creatures vanquished

Notes
Turn   | Place    | Note
-------+----------+-------------------------------------------
     0 | D:1      | leavemydog the Deep Elf Conjurer began the quest for the
                  | Orb.
     0 | D:1      | Reached XP level 1. HP: 10/10 MP: 6/6
    17 | D:1      | Noticed an electric eel
   498 | D:1      | Reached XP level 2. HP: 14/15 MP: 5/8
   675 | D:1      | Found a faded altar of an unknown god.
   751 | D:1      | Learned a level 2 spell: Searing Ray
  1032 | D:2      | Reached skill level 5 in Conjurations
  1092 | D:2      | Reached XP level 3. HP: 19/19 MP: 6/10
  1538 | D:2      | Reached skill level 4 in Spellcasting
  1538 | D:2      | Reached XP level 4. HP: 24/24 MP: 8/12
  1879 | D:2      | Learned a level 4 spell: Iskenderun's Mystic Blast
  2180 | D:2      | Identified the ring "Achoamn" {rPois Will+ Dex+3}
  2790 | D:3      | Noticed Natasha
  2793 | D:3      | Killed Natasha
  2794 | D:3      | Reached XP level 5. HP: 28/28 MP: 8/13
  2878 | D:3      | Reached skill level 1 in Translocations
  3043 | D:3      | Noticed Sigmund
  3047 | D:3      | Noticed an ogre
  3053 | D:3      | Killed an ogre
  3054 | D:3      | Reached skill level 5 in Spellcasting
  3059 | D:3      | Killed Sigmund
  3060 | D:3      | Reached XP level 6. HP: 20/32 MP: 12/16
  3184 | D:3      | Reached skill level 5 in Fighting
  3184 | D:3      | Reached skill level 8 in Spellcasting
  3184 | D:3      | Reached XP level 7. HP: 44/44 MP: 16/20
  3190 | D:3      | Learned a level 4 spell: Fulminant Prism
  3299 | D:3      | Found a snail-covered altar of Cheibriados.
  3498 | D:3      | Noticed Jessica
  3500 | D:3      | Killed Jessica
  4349 | D:4      | Reached XP level 8. HP: 49/49 MP: 16/22
  5086 | D:5      | Entered Level 5 of the Dungeon
  5437 | D:5      | Noticed Edmund
  5442 | D:5      | Reached skill level 9 in Spellcasting
  5446 | D:5      | Killed Edmund
  5571 | D:5      | Found a white marble altar of Elyvilon.
  5584 | D:5      | Found a shadowy altar of Dithmenos.
  5604 | D:5      | Noticed Menkaure
  5608 | D:5      | Killed Menkaure
  5713 | D:5      | Learned a level 3 spell: Teleport Other
  5815 | D:5      | Noticed Eustachio
  5827 | D:5      | Killed Eustachio
  5856 | D:4      | Reached XP level 9. HP: 54/54 MP: 0/24
  6385 | D:5      | Found Mutsum's Assorted Antiques.
  6415 | D:5      | Found a runed translucent door.
  6420 | D:5      | Noticed leavemydog's ghost (novice HOFi)
  6453 | D:5      | Found an ornate altar of the Wu Jian Council.
  6627 | D:6      | Reached skill level 10 in Spellcasting
  6687 | D:6      | Found a radiant altar of Vehumet.
  6698 | D:6      | Found a shimmering altar of Xom.
  6700 | D:6      | Became a worshipper of Vehumet
  6832 | D:6      | Noticed Prince Ribbit
  7561 | D:6      | Found a runed translucent door.
  7562 | D:6      | Noticed Crazy Yiuf
  7627 | D:6      | Killed Crazy Yiuf
  7833 | D:7      | Found a glowing silver altar of Zin.
  7846 | D:7      | Noticed Joseph
  7865 | D:7      | Killed Joseph
  7866 | D:7      | Reached skill level 10 in Conjurations
  8114 | D:7      | Reached skill level 1 in Armour
  8457 | D:7      | Found a staircase to the Ecumenical Temple.
  8473 | Temple   | Entered the Ecumenical Temple
  9020 | D:8      | Found Uqeon's Magic Scroll Emporium.
  9023 | D:8      | Reached * piety under Vehumet
  9023 | D:8      | Offered knowledge of Foxfire by Vehumet.
  9024 | D:8      | Reached XP level 10. HP: 60/60 MP: 21/26
  9119 | D:8      | Bought a scroll of identify for 28 gold pieces
  9119 | D:8      | Bought a scroll of identify for 28 gold pieces
  9223 | D:8      | Found a basalt altar of Yredelemnul.
  9398 | D:8      | Found a hazy altar of Hepliaklqana.
  9497 | D:8      | Reached skill level 11 in Spellcasting
  9804 | D:9      | Learned a level 3 spell: Dazzling Flash
  9813 | D:9      | Noticed Harold
  9956 | D:9      | Found Enkogoes's Armour Shop.
 10495 | D:9      | Killed Prince Ribbit
 10609 | D:9      | Killed Harold
 10975 | D:9      | Identified the +0 robe of Grot {+Blink rPois rF++ Int-2}
 11273 | D:10     | Entered Level 10 of the Dungeon
 11273 | D:10     | Found a sacrificial altar of Ru.
 11363 | D:10     | Noticed a two-headed ogre
 11370 | D:10     | Killed a two-headed ogre
 11393 | D:10     | Reached ** piety under Vehumet
 11393 | D:10     | Offered knowledge of Scorch by Vehumet.
 11553 | D:10     | Found a runed translucent gate.
 11553 | D:10     | Found a runed translucent gate.
 11555 | D:10     | Found a runed translucent gate.
 11556 | D:10     | Noticed a glowing orange brain
 11557 | D:10     | Noticed a green ugly thing
 11557 | D:10     | Noticed a brown ugly thing
 11558 | D:10     | Noticed a cyan ugly thing
 11560 | D:10     | Noticed a manticore
 11709 | D:10     | Noticed Erica
 11719 | D:10     | Killed Erica
 11720 | D:10     | Reached XP level 11. HP: 63/66 MP: 14/28
 11929 | D:10     | Reached skill level 12 in Spellcasting
 12028 | D:10     | Found a hide-covered altar of Uskayaw.
 12100 | D:10     | Noticed Gastronok
 12365 | D:10     | Killed from afar by Gastronok

Illustrated notes

Levels and vault maps discovered:
D:1:      arrival_aquarium_a, layout_basic, hellmonk_ecumenical_altar_lost_god
D:2:      minmay_inner_zag, layout_basic, chequers_jeans, grunt_decor_cap,
          minmay_goblin_kobold_house
D:3:      layout_loops_corners, kennysheep_slug_shrine, uniq_jessica,
          uniq_natasha, uniq_sigmund
D:4:      minmay_wonky_spiral, layout_layer_cave, kennysheep_generic_room_15
D:5:      layout_loops_ring, nzn_wu_jian_council_hall,
          nicolae_dithmenos_the_darkroom, mainiacjoe_overflow_tiny_flanked,
          serial_shops, nicolae_shop_statue_plus, cheibrodos_sewer_entry_drain,
          ebering_ghost_sewer_d, minmay_crossroads, uniq_edmund, uniq_menkaure,
          uniq_eustachio
D:6:      layout_cave_pools, grunt_temple_overflow_open, uniq_prince_ribbit1,
          uniq_crazy_yiuf_cottage
D:7:      layout_cave_pools, mainiacjoe_overflow_paths,
          minmay_temple_entry_junction, uniq_joseph
D:8:      layout_loops_ring, mainiacjoe_overflow_six_doors_small,
          nzn_hepliaklqana_mist_gate, serial_shops, nicolae_shop_trees,
          grunt_ministairs_12
D:9:      layout_loops_cross, serial_shops, shop, uniq_harold
D:10:     minmay_skewed_foursquare, layout_loops_ring,
          mainiacjoe_overflow_boulevard,
          nicolae_uskayaw_murder_on_the_dancefloor,
          ploomutoo_gammafunk_ghost_potion_laboratory, corexii_leaking_fountain,
          kennysheep_pointless_box, uniq_erica, uniq_gastronok
Temple:   grunt_temple_mini_profane

Skill      XL: |  1  2  3  4  5  6  7  8  9 10 11 |
---------------+----------------------------------+-----
Conjurations   | 5 6 7 8 9 10 11 | 11.1
Spellcasting   | 4 5 8 9 10 11 12 | 12.1
Translocations | 2 7 8 |  8.2
Fighting       | 5 6 |  6.5
Hexes          | 6 8 |  8.6
Armour         | 1 2 |  2.9
Dodging        | |  2.4
Stealth        | |  2.4

Action                   |  1- 3 |  4- 6 |  7- 9 | 10-12 || total
-------------------------+-------+-------+-------+-------++-------
Melee: Dagger            |     1 |     3 |     7 |       ||    11
 Cast: Magic Dart        |    60 |    49 |   190 |    54 ||   353
       Searing Ray       |     3 |     7 |    42 |    38 ||    90
       Fulminant Prism   |       |       |    10 |    23 ||    33
       Iskenderun's Myst |       |       |     1 |     9 ||    10
       Teleport Other    |       |       |       |     1 ||     1
  Use: Potion            |       |     2 |     3 |     3 ||     8
       Scroll            |       |     4 |     4 |     2 ||    10
Armor: Robe              |     4 |     7 |    17 |     2 ||    30
       Steam dragon scal |       |       |     8 |    12 ||    20
Dodge: Dodged            |    10 |    13 |    73 |    73 ||   169

Table legend: (Time is in decaauts)
 A = Elapsed time spent in this place.
 B = Non-inter-level travel time spent in this place.
 C = Inter-level travel time spent in this place.
 D = Time resting spent in this place.
 E = Time spent auto-exploring this place.
 F = Levels seen in this place.
 G = Mean time per level.
                   A        B        C        D        E       F      G
               +--------+--------+--------+--------+--------+-----+--------+
         Total |  12371 |  11748 |    623 |   3429 |   6909 |  11 | 1124.6 |
       Dungeon |  12159 |  11574 |    585 |   3429 |   6737 |  10 | 1215.9 |
        Temple |    211 |    173 |     38 |      0 |    172 |   1 |  211.0 |
               +--------+--------+--------+--------+--------+-----+--------+

Top non-repeatable levels by time:
     D:4: 1443 daAuts
     D:3: 1435 daAuts
     D:5: 1329 daAuts
     D:8: 1316 daAuts
     D:9: 1314 daAuts
     D:2: 1269 daAuts
     D:6: 1140 daAuts
     D:1: 1137 daAuts
    D:10: 949 daAuts
     D:7: 823 daAuts
  Temple: 211 daAuts
